 Dungeon Crawl Stone Soup version 0.24.0-37-gcf1ca852f1 (webtiles) character file.

Game seed: 1058807320578190236, levelgen mode: deterministic

12339 theswoord the Basher (level 11, -2/83 HPs)
             Began as a Demonspawn Fighter on Nov 24, 2019.
             Was a Priest of Uskayaw.
             Slain by a seven-headed hydra (4 damage)
             ... on level 1 of the Lair of Beasts.
             The game lasted 00:14:30 (10407 turns).

theswoord the Basher (Demonspawn Fighter)          Turns: 10407, Time: 00:14:30

Health: -2/83      AC:  6    Str: 20    XL:     11   Next: 61%
Magic:  11/11      EV: 10    Int: 14    God:    Uskayaw [***...]
Gold:   766        SH: 17    Dex: 16    Spells: 10/10 levels left

rFire    . . .     SeeInvis .   D - +9 morningstar "Doloecs" {crush, Int+4}
rCold    + . .     Gourm    .   b - +0 shield
rNeg     . . .     Faith    .   y - +0 scale mail
rPois    .         Spirit   .   (no helmet)
rElec    .         Reflect  .   (no cloak)
rCorr    .         Harm     .   (no gloves)
MR       .....                  (no boots)
Stlth    ..........             g - amulet of rage
HPRegen  0.23/turn              p - +4 ring of strength
MPRegen  0.12/turn              q - +2 ring of evasion

@: marked
A: claws 1, large bone plates 2, cold resistance 1, demonic guardian 1
a: Stomp, Line Pass, Renounce Religion, Evoke Berserk Rage


You were on level 1 of the Lair of Beasts.
You worshipped Uskayaw.
Uskayaw was noncommittal.
You were hungry.

You visited 2 branches of the dungeon, and saw 11 of its levels.

You collected 766 gold pieces.

Inventory:

Hand Weapons
 D - the +9 morningstar "Doloecs" (weapon) {crush, Int+4}
   (You found it on level 7 of the Dungeon)

   It inflicts extra damage upon your enemies.
   It affects your intelligence (+4).
Armour
 a - a +0 scale mail
 b - a +0 shield (worn)
 y - a +0 scale mail (worn)
Jewellery
 g - an amulet of rage (around neck)
 p - a +4 ring of strength (left claw)
 q - a +2 ring of evasion (right claw)
 t - an uncursed amulet of faith
Wands
 r - a wand of disintegration (9)
 C - a wand of paralysis (6)
 E - a wand of digging (4)
Scrolls
 f - 2 scrolls of fear
 i - 3 scrolls of teleportation
 l - a scroll of magic mapping {unknown}
 n - 8 scrolls of remove curse
 o - 2 scrolls of immolation
Potions
 c - 2 potions of might
 e - a potion of resistance
 h - a potion of berserk rage
 j - 3 potions of mutation
 k - 3 potions of brilliance
 m - 3 potions of lignification
 s - a potion of flight {unknown}
 v - a potion of heal wounds {unknown}
 x - 2 potions of invisibility
 A - 6 potions of curing {unknown}
 B - a potion of degeneration {unknown}
Comestibles
 d - 15 rations


   Skills:
 - Level 6.7 Fighting
 + Level 13.0 Maces & Flails
 - Level 2.6 Armour
 - Level 7.7 Shields
 - Level 5.8 Unarmed Combat


You had 10 spell levels left.
You didn't know any spells.
Your spell library contained the following spells:

 Spells                   Type           Power        Failure   Level  Hunger
 Summon Small Mammal      Summ           #...         91%         1    ##.....
 Call Imp                 Summ           #.......     97%         2    ###....
 Call Canine Familiar     Summ           #.......     99%         3    ####...
 Ignite Poison            Fire/Tmut/Pois #.......     99%         3    ####...
 Summon Guardian Golem    Hex/Summ       #.......     99%         3    ####...
 Summon Ice Beast         Ice/Summ       #.......     100%        4    #####..
 Summon Lightning Spire   Summ/Air       #.......     100%        4    #####..
 Fireball                 Conj/Fire      #.........   100%        5    ######.
 Bolt of Fire             Conj/Fire      #.........   100%        6    #######
 Ring of Flames           Chrm/Fire      #.........   100%        7    #######
 Ignition                 Fire           #.........   100%        8    #######


Dungeon Overview and Level Annotations

Branches:
Dungeon (10/15)            Temple (0/1) D:7            Lair (1/6) D:10
    Orc (0/2) D:9

Altars:
Dithmenos
Uskayaw
Wu Jian
Xom

Shops:
D:5 [   D:9 (   D:10 *


Innate Abilities, Weirdness & Mutations

You have sharp fingernails.
You are mostly covered in large bone plates. (SH +6)
Your flesh is cold resistant. (rC+)
A weak demonic guardian rushes to your aid.


Message History

The seven-headed hydra bites you!
* * * LOW HITPOINT WARNING * * *
The seven-headed hydra bites you.
* * * LOW HITPOINT WARNING * * *
You block the seven-headed hydra's attack.
Your shadow imp hits the seven-headed hydra.
Uskayaw will force your foes to helplessly watch your dance.
Uskayaw prepares the audience for your solo!
Unknown command.
The helpless seven-headed hydra fails to defend itself.
You puncture the seven-headed hydra!
The seven-headed hydra is heavily wounded.
The spiny frog is no longer paralysed.
The four-headed hydra is no longer paralysed.
The seven-headed hydra is no longer paralysed.
You block the seven-headed hydra's attack.
The seven-headed hydra bites you!
* * * LOW HITPOINT WARNING * * *
The seven-headed hydra bites you.
You die...

#......##
#......#.#####
#.....###.S##.###
.....#
##......### #
....#
##D......#P# ..##
##........#
#.†........
##.5.......
#.@5......
##D.......
#........
##F...... .......
....... ....%..
.......


You could see a seven-headed hydra, a four-headed hydra, a spiny frog, a water
moccasin (paralysed) and 2 friendly shadow imps.

Vanquished Creatures
  Harold (D:8)
  The ghost of Iamsoldier the Magician, a journeyman GnSk of Okawaru (D:10)
  2 two-headed ogres (D:10)
  Sonja (D:10)
  Pikel (D:6)
  A komodo dragon (Lair:1)
  An efreet (D:10)
  A kobold demonologist (D:9)
  A troll (D:10)
  A hippogriff (D:8)
  A spriggan (D:9)
  9 yaks (Lair:1)
  2 hungry ghosts (D:9)
  Duvessa (D:7)
  2 porcupines (D:10)
  A water moccasin (D:6)
  2 orc warriors
  2 ice beasts
  2 sky beasts
  2 phantoms (D:9)
  An eye of draining (D:7)
  4 black bears
  3 centaurs
  4 ogres
  2 crocodiles (D:10)
  2 big kobolds (D:9)
  6 bullfrogs
  A gnoll sergeant (D:5)
  A wyvern skeleton (D:10)
  3 scorpions
  2 troll zombies (D:9)
  10 killer bees (D:8)
  8 wights
  4 howler monkeys
  3 crimson imps
  5 hounds
  3 jellies
  7 orc priests
  3 bullfrog skeletons
  6 orc wizards
  6 iguanas
  5 worker ants
  5 ogre zombies (D:9)
  A hound zombie (D:9)
  A hound skeleton (D:6)
  6 gnolls
  A worker ant zombie (D:9)
  7 adders
  An adder zombie (D:5)
  3 oozes (D:1)
  2 adder skeletons (D:9)
  A worm (D:2)
  8 leopard geckos
  40 orcs
  10 giant cockroaches
  8 goblins
  6 hobgoblins
  6 jackals
  7 quokkas
  2 ball pythons (D:1)
  5 bats
  8 frilled lizards
  2 hobgoblin skeletons (D:9)
  3 hobgoblin zombies (D:9)
  10 kobolds
  A leopard gecko skeleton (D:4)
  6 orc skeletons (D:9)
  14 orc zombies (D:9)
  A quokka skeleton (D:8)
  10 rats
  A fungus (D:10)
  A plant (D:10)
301 creatures vanquished.

Vanquished Creatures (collateral kills)
  Grinder (D:6)
  Sigmund (D:5)
  An ogre (D:7)
  A bullfrog (D:6)
  Dowan (D:7)
  A scorpion (D:4)
  Jessica (D:3)
  An ogre zombie (D:9)
  2 gnolls (D:5)
  2 adders
  An orc (D:3)
  A hobgoblin (D:3)
  A frilled lizard (D:3)
15 creatures vanquished.

Vanquished Creatures (others)
  Menkaure (D:7)
  7 fungi (D:10)
8 creatures vanquished.

Grand Total: 324 creatures vanquished

Notes
Turn   | Place    | Note
-------+----------+-------------------------------------------
     0 | D:1      | theswoord the Demonspawn Fighter began the quest for the
                  | Orb.
     0 | D:1      | Reached XP level 1. HP: 18/18 MP: 1/1
     1 | D:1      | Found a runed translucent door.
   208 | D:1      | Gained mutation: You have sharp fingernails. [demonic
                  | ancestry]
   208 | D:1      | Reached XP level 2. HP: 23/24 MP: 2/2
   285 | D:1      | Gained mutation: Your flesh is cold resistant. (rC+)
                  | [demonic ancestry]
   285 | D:1      | Reached XP level 3. HP: 5/29 MP: 3/3
   855 | D:1      | HP: 1/30 [poisoned by a goblin]
  1690 | D:2      | Gained mutation: A weak demonic guardian rushes to your
                  | aid. [demonic ancestry]
  1690 | D:2      | Reached XP level 4. HP: 36/37 MP: 4/4
  2573 | D:3      | Gained mutation: You are partially covered in large bone
                  | plates. (SH +4) [demonic ancestry]
  2573 | D:3      | Reached XP level 5. HP: 20/42 MP: 5/5
  2681 | D:3      | Noticed Jessica
  2686 | D:3      | Killed Jessica
  3228 | D:4      | Reached XP level 6. HP: 47/49 MP: 6/6
  3277 | D:4      | You fall into a shaft and drop 2 floors!
  3324 | D:6      | Noticed a sky beast
  3350 | D:6      | Killed a sky beast
  3650 | D:6      | Noticed Grinder
  3659 | D:6      | Paralysed by Grinder for 4 turns
  3668 | D:6      | Killed Grinder
  3668 | D:6      | Reached skill level 5 in Fighting
  3668 | D:6      | Reached skill level 5 in Shields
  3668 | D:6      | Reached XP level 7. HP: 18/56 MP: 7/7
  3892 | D:5      | Entered Level 5 of the Dungeon
  4344 | D:5      | Noticed Sigmund
  4350 | D:5      | Found Natumy's Armour Shoppe.
  4356 | D:5      | Killed Sigmund
  4492 | D:5      | Found a hide-covered altar of Uskayaw.
  4733 | D:5      | Became a worshipper of Uskayaw the Reveler
  4948 | D:5      | Reached * piety under Uskayaw
  5049 | D:6      | Reached ** piety under Uskayaw
  5050 | D:6      | Gained mutation: You are mostly covered in large bone
                  | plates. (SH +6) [demonic ancestry]
  5050 | D:6      | Reached XP level 8. HP: 60/64 MP: 8/8
  5058 | D:6      | Reached *** piety under Uskayaw
  5247 | D:6      | Reached skill level 5 in Unarmed Combat
  5406 | D:6      | Noticed Pikel
  5425 | D:6      | Killed Pikel
  5535 | D:7      | Found a staircase to the Ecumenical Temple.
  5566 | D:7      | Got a pitted morningstar
  5567 | D:7      | Identified the +9 morningstar "Doloecs" {crush, Int+4} (You
                  | found it on level 7 of the Dungeon)
  5726 | D:7      | Reached skill level 1 in Maces & Flails
  5726 | D:7      | Reached XP level 9. HP: 71/71 MP: 9/9
  5837 | D:7      | Found an ornate altar of the Wu Jian Council.
  5841 | D:7      | Noticed Dowan
  5842 | D:7      | Noticed Duvessa
  5844 | D:7      | Noticed Menkaure
  5850 | D:7      | Killed Menkaure
  5850 | D:7      | Reached skill level 2 in Maces & Flails
  5856 | D:7      | Reached **** piety under Uskayaw
  5857 | D:7      | Killed Duvessa
  5857 | D:7      | Reached skill level 3 in Maces & Flails
  5859 | D:7      | Killed Dowan
  6003 | D:7      | Found a shadowy altar of Dithmenos.
  6376 | D:7      | Reached skill level 4 in Maces & Flails
  6609 | D:8      | Reached skill level 5 in Maces & Flails
  6611 | D:8      | Reached ***** piety under Uskayaw
  6668 | D:8      | Noticed Harold
  6683 | D:8      | Killed Harold
  6683 | D:8      | Reached skill level 7 in Maces & Flails
  6895 | D:8      | Reached XP level 10. HP: 71/77 MP: 10/10
  6933 | D:8      | Reached skill level 8 in Maces & Flails
  7778 | D:9      | Reached skill level 9 in Maces & Flails
  7809 | D:9      | Reached ****** piety under Uskayaw
  7822 | D:9      | Found a staircase to the Orcish Mines.
  7894 | D:9      | Found Tusaeff's Antique Weapon Boutique.
  8117 | D:9      | Noticed an orange demon
  8400 | D:9      | Reached skill level 10 in Maces & Flails
  8769 | D:10     | Entered Level 10 of the Dungeon
  8828 | D:10     | Found a staircase to the Lair.
  8830 | D:10     | Reached skill level 11 in Maces & Flails
  8864 | D:10     | Reached XP level 11. HP: 60/83 MP: 11/11
  9174 | D:10     | Found a shimmering altar of Xom.
  9181 | D:10     | Found a runed translucent door.
  9181 | D:10     | Noticed Iamsoldier's ghost (journeyman GnSk)
  9275 | D:10     | Found Ystiezou's Assorted Antiques.
  9353 | D:10     | Noticed Sonja
  9361 | D:10     | Killed Sonja
  9637 | D:10     | Noticed a two-headed ogre
  9640 | D:10     | Killed a two-headed ogre
  9747 | D:10     | Noticed a two-headed ogre
  9754 | D:10     | Killed a two-headed ogre
  9754 | D:10     | Reached skill level 12 in Maces & Flails
  9886 | D:10     | Killed Iamsoldier's ghost
  9923 | Lair:1   | Entered Level 1 of the Lair of Beasts
 10048 | Lair:1   | Reached skill level 13 in Maces & Flails
 10401 | Lair:1   | Noticed a seven-headed hydra
 10403 | Lair:1   | Noticed a four-headed hydra
 10407 | Lair:1   | HP: 2/83 [seven-headed hydra (12)]
 10407 | Lair:1   | Slain by a seven-headed hydra

Skill      XL: |  1  2  3  4  5  6  7  8  9 10 11 |
---------------+----------------------------------+-----
Unarmed Combat | 2 3 4 5 |  5.8
Shields        | 3 4 5 6 7 |  7.7
Fighting       | 4 5 6 |  6.7
Maces & Flails | 1 7 11 13 | 13.0
Armour         | |  2.6

Action                   |  1- 3 |  4- 6 |  7- 9 | 10-12 || total
-------------------------+-------+-------+-------+-------++-------
Melee: Unarmed           |   161 |   183 |   178 |       ||   522
       Morningstar       |       |       |    86 |   335 ||   421
 Abil: Evoke Berserk Rag |     1 |       |       |       ||     1
  Use: Scroll            |       |       |    13 |     6 ||    19
       Potion            |       |       |       |     4 ||     4
 Stab: Distracted        |       |     1 |     1 |     2 ||     4
       Paralysed         |       |       |     7 |    16 ||    23
  Eat: Chunk             |     4 |     6 |    11 |    11 ||    32
Armor: Scale mail        |    83 |    44 |    40 |    41 ||   208
Dodge: Dodged            |    49 |    51 |    80 |    64 ||   244
Block: Shield            |    86 |    96 |   219 |   267 ||   668

Levels and vault maps discovered:
D:1:      dpeg_arrival_caged_fury, layout_loops_corners, minmay_misc_feat_iff
D:2:      layout_basic, minmay_misc_feat_doors, uniq_crazy_yiuf_cottage
D:3:      layout_rooms, nicolae_overflow_hidden_temple, uniq_jessica
D:4:      layout_basic, minmay_starry_boxes
D:5:      layout_cave_pools, lemuel_crystal_altar, first_ration, serial_shops,
          shop, uniq_sigmund
D:6:      layout_gridville, uniq_pikel, uniq_grinder
D:7:      layout_layer_cave, lemuel_doored_altar, lemuel_coloured_pillars_altar,
          minmay_temple_entry_arrows, uniq_menkaure, uniq_duvessa
D:8:      layout_basic, uniq_harold
D:9:      layout_long_grid, zombieorc2_lemuel, serial_shops,
          nicolae_shop_temple_entry_statues_fountains, the_bakery,
          minmay_pinched_square
D:10:     layout_irregular_city, due_lair_maze_entry_diamond,
          ebering_ghost_inner_flame, serial_shops, nicolae_shop_stone,
          xom_teletrap_fun, uniq_sonja
Lair:1:   layout_cave_pods, st_stairs_9
